 Dungeon Crawl Stone Soup version 0.26.1-11-gd32895ea62 (webtiles) character file.

Game seed: 2144700655432491213

25557 NEKKINEKS the Severer (level 12, -7/112 HPs)
             Began as a Minotaur Berserker on Apr 7, 2021.
             Was a High Priest of Trog.
             Blown up by an orb spider (20 damage)
             ... with an orb of destruction
             ... on level 1 of the Spider Nest on July 27, 2021.
             The game lasted 00:47:44 (13317 turns).

NEKKINEKS the Severer (Minotaur Berserker)         Turns: 13317, Time: 00:47:45

Health: -7/112     AC: 21    Str: 43    XL:     12   Next: 90%
Magic:  0/11       EV: 10    Int:  7    God:    Trog [*****.]
Gold:   896        SH:  0    Dex: 10    Spells: 11/11 levels left

rFire    . . .     SeeInvis .   T - +2 battleaxe "Beastbane" {vorpal, *Noise rElec Str+10 Int+3} (curse)
rCold    . . .     Faith    .   (shield currently unavailable)
rNeg     . . .     Spirit   +   v - +0 plate armour
rPois    .         Reflect  .   (helmet restricted)
rElec    +         Harm     .   p - +0 cloak
rCorr    .         Rampage  .   w - +1 pair of gloves
Will     .....                  t - +0 pair of boots
Stlth    ..........             r - amulet of guardian spirit
HPRegen  0.28/turn              y - +6 ring of strength
MPRegen  0.12/turn              (no ring)

@: lethally poisoned (-7 -> -65), berserk cooldown, slowed, very slow
A: retaliatory headbutt, horns 2
a: Renounce Religion, Berserk, Trog's Hand, Brothers in Arms


You were on level 1 of the Spider Nest.
You worshipped Trog.
Trog was extremely pleased with you.
You visited 3 branches of the dungeon, and saw 14 of its levels.

You collected 896 gold pieces.

Inventory:

Hand Weapons
 a - a +1 hand axe
 m - a +2 vorpal hand axe
 q - a +2 vorpal spear
 s - the cursed +2 mace of the Known World {elec, rC+ Dex+4}
   (You found it on level 8 of the Dungeon)

   Occasionally, upon striking a foe, it can discharge electrical energy and
   cause terrible harm.
   It affects your dexterity (+4).
   It protects you from cold.
   It has a curse placed upon it.
 E - a +3 halberd
 H - a +2 vorpal hand axe
 Q - a +0 demon blade
 T - the cursed +2 battleaxe "Beastbane" (weapon) {vorpal, *Noise rElec Str+10 Int+3}
   (You found it on level 11 of the Dungeon)

   It inflicts extra damage upon your enemies.
   It affects your strength (+10).
   It affects your intelligence (+3).
   It insulates you from electricity.
   It may make noises in combat.
   It has a curse placed upon it.
 V - a +8 broad axe
Armour
 b - a +0 animal skin
 c - a +0 leather armour
 d - a +0 ring mail
 e - a +0 buckler
 p - a +0 cloak (worn)
 t - a +0 pair of boots (worn)
 v - a +0 plate armour (worn)
 w - a +1 pair of gloves (worn)
 C - a +0 cloak
 P - a +0 pair of gloves
Jewellery
 f - a cursed -4 ring of dexterity
 r - an amulet of guardian spirit (around neck)
 y - a +6 ring of strength (left hand)
 D - an uncursed ring of see invisible
 U - an uncursed ring of protection from cold {unknown}
 W - a cursed -4 ring of evasion {unknown}
Wands
 o - a wand of disintegration (13)
 F - a wand of paralysis (6)
 L - a wand of flame (19)
 O - a wand of acid (10)
Scrolls
 h - 4 scrolls of teleportation
 l - a scroll of enchant weapon
 n - 3 scrolls of enchant armour
 u - a scroll of amnesia
 x - a scroll of blinking
 z - 2 scrolls of immolation
 B - a scroll of magic mapping
 J - 5 scrolls of identify
 M - 2 scrolls of fog
 S - a scroll of remove curse
Potions
 g - 3 potions of heal wounds
 i - 2 potions of haste
 j - 7 potions of curing
 k - a potion of flight
 A - 2 potions of attraction
 G - a potion of brilliance {unknown}
 I - 2 potions of mutation {unknown}
 K - 2 potions of might
 N - 2 potions of degeneration {unknown}
 R - a potion of berserk rage {unknown}


   Skills:
 + Level 12.1 Fighting
 + Level 17.2 Axes
 + Level 13.2 Armour
 + Level 3.0 Dodging
 + Level 1.4 Stealth
 + Level 5.8 Shields


You had 11 spell levels left.
You didn't know any spells.
Your spell library was empty.

Dungeon Overview and Level Annotations

Branches:
Dungeon (11/15)            Temple (0/1) D:5            Lair (2/6) D:11
 Spider (1/4) Lair:2
  Swamp: Lair:2-4    Shoals: Lair:2-4       Orc: D:9-12

Altars:
Ashenzari
Cheibriados
Dithmenos
Elyvilon
Gozag
Hepliaklqana
Kikubaaqudgha
Makhleb
Okawaru
Qazlal
Ru
Wu Jian
Yredelemnul
Zin

Annotations:
D:11 exclusion: orange crystal statue


Innate Abilities, Weirdness & Mutations

You reflexively headbutt those who attack you in melee.
You have a pair of horns on your head.


Message History

You are no longer berserk.
You are exhausted.
You feel yourself slow down.
You feel very sick.
A redback comes into view.
You feel extremely sick.
The orb spider weaves a glowing orb of energy. x3 3 orbs of destruction come into view.
Things that are here:
15 gold pieces; a wolf spider corpse An orb spider comes into view.
You feel extremely sick.
The orb spider hisses angrily.
The orb spider pulsates with a strange energy.
The orb of destruction hits you!!
* * * LOW HITPOINT WARNING * * *
A wolf spider comes into view.
The orb spider begins to weave its threads into a brightly glowing ball.
The orb of destruction hits you!!
You die...

#≈≈# .......
≈..#......≈
##^........^
#...........
#...........
###..†........
##.....<.......
#.....††..s....
##....#@☼○.....
##....*☼.......
#..^.☼○.s>.....
≈..#.s○.s..s...
..^s○..s#......
.....^....s....
............#s.
.....^.......s.
.............#s


You could see a wolf spider, 5 orb spiders, 2 tarantellas and 2 redbacks.

Vanquished Creatures
  A boulder beetle (D:11)
  Erolcha (D:9)
  3 hydras
  A catoblepas (Lair:2)
  A two-headed ogre (D:9)
  An unseen horror (D:10)
  A wolf spider (Spider:1)
  2 ugly things (D:11)
  Maurice (D:8)
  An elephant (Lair:2)
  3 cane toads (Lair:2)
  2 centaur skeletons (D:11)
  4 komodo dragons
  2 rime drakes (Lair:2)
  A troll (D:10)
  3 jumping spiders (Spider:1)
  A blink frog (Lair:2)
  2 hornets
  4 redbacks (Spider:1)
  2 wyverns
  2 wraiths
  13 yaks
  A vampire (D:10)
  7 spriggans (Lair:2)
  A water elemental (D:11)
  6 humans (D:7)
  Grum (D:11)
  3 basilisks
  8 water moccasins
  A soldier ant (D:9)
  5 ice beasts
  4 orc warriors
  3 sky beasts
  4 black bears
  A phantom (D:9)
  17 wolves
  11 ogres
  8 centaurs
  A big kobold (D:9)
  16 bullfrogs
  2 scorpions
  3 wyvern skeletons
  6 killer bees (D:10)
  9 wights
  3 electric eels (D:11)
  2 howler monkeys
  A jelly (D:5)
  A quasit (D:7)
  7 orc priests
  5 hounds
  A bullfrog skeleton (D:5)
  7 orc wizards
  Jessica (D:2)
  Natasha (D:4)
  An iguana (D:8)
  3 worker ants
  A killer bee zombie (D:10)
  13 adders
  A shadow imp (D:8)
  2 white imps
  An ooze (D:6)
  An adder skeleton (D:6)
  2 worms
  A dart slug (D:3)
  11 leopard geckos
  23 orcs
  A ball python (D:3)
  6 bats
  4 giant cockroaches
  3 goblins
  8 hobgoblins
  12 jackals
  6 quokkas
  A giant cockroach zombie (D:5)
  12 kobolds
  7 rats
319 creatures vanquished.

Vanquished Creatures (others)
  60 fungi
  60 plants
  4 toadstools (D:1)
124 creatures vanquished.

Grand Total: 443 creatures vanquished

Notes
Turn   | Place    | Note
-------+----------+-------------------------------------------
     0 | D:1      | NEKKINEKS the Minotaur Berserker began the quest for the
                  | Orb.
     0 | D:1      | Reached XP level 1. HP: 19/19 MP: 0/0
    86 | D:1      | Reached XP level 2. HP: 22/27 MP: 1/1
   167 | D:1      | Reached skill level 4 in Axes
   901 | D:2      | Noticed Jessica
   907 | D:2      | Killed Jessica
   908 | D:2      | Reached XP level 3. HP: 22/34 MP: 2/2
  1264 | D:2      | Reached ** piety under Trog
  1412 | D:3      | Reached XP level 4. HP: 37/41 MP: 3/3
  1618 | D:3      | Reached skill level 5 in Axes
  1690 | D:3      | Found a white marble altar of Elyvilon.
  1834 | D:3      | Found a snail-covered altar of Cheibriados.
  1848 | D:3      | Found a shadowy altar of Dithmenos.
  1856 | D:3      | Found a burning altar of Makhleb.
  2520 | D:4      | Reached XP level 5. HP: 46/47 MP: 4/4
  2629 | D:4      | Noticed Natasha
  2635 | D:4      | Killed Natasha
  2636 | D:4      | Reached skill level 5 in Fighting
  2671 | D:5      | Entered Level 5 of the Dungeon
  2675 | D:5      | Found an iron altar of Okawaru.
  2716 | D:5      | Found a staircase to the Ecumenical Temple.
  2720 | D:5      | Reached skill level 6 in Axes
  2737 | D:5      | Found an ancient bone altar of Kikubaaqudgha.
  2745 | D:5      | Reached XP level 6. HP: 36/56 MP: 5/5
  2747 | D:5      | Reached *** piety under Trog
  2766 | D:5      | Found a basalt altar of Yredelemnul.
  2805 | D:5      | Noticed an ice beast
  2817 | D:5      | Killed an ice beast
  2818 | D:5      | Reached skill level 7 in Axes
  2847 | D:5      | Upgraded the game from 0.26.1-10-gdfb7c7de75 to
                  | 0.26.1-11-gd32895ea62
  2853 | D:5      | Found a stormy altar of Qazlal.
  2888 | D:5      | Reached skill level 1 in Shields
  3133 | D:5      | Reached XP level 7. HP: 62/62 MP: 6/6
  3163 | D:5      | Reached skill level 8 in Axes
  3515 | D:6      | Reached skill level 5 in Armour
  3580 | D:6      | Reached XP level 8. HP: 67/71 MP: 7/7
  3666 | D:6      | Found a broken altar of Ashenzari.
  3714 | D:6      | Reached skill level 9 in Axes
  4051 | D:6      | Found a glowing silver altar of Zin.
  4296 | D:7      | Reached **** piety under Trog
  4299 | D:7      | Reached skill level 10 in Axes
  4354 | D:7      | Reached XP level 9. HP: 70/79 MP: 8/8
  4417 | D:7      | Reached skill level 11 in Axes
  5122 | D:8      | Reached skill level 12 in Axes
  5293 | D:8      | Got a crystal mace
  5301 | D:8      | Identified the cursed +2 mace of the Known World {elec, rC+
                  | Dex+4} (You found it on level 8 of the Dungeon)
  5412 | D:8      | Found a sacrificial altar of Ru.
  5656 | D:8      | Found a hazy altar of Hepliaklqana.
  5739 | D:8      | Reached skill level 5 in Shields
  6077 | D:8      | Noticed Maurice
  6119 | D:8      | Killed Maurice
  6120 | D:8      | Reached XP level 10. HP: 46/90 MP: 2/9
  6845 | D:9      | Found an opulent altar of Gozag.
  6852 | D:9      | Found an iron altar of Okawaru.
  6861 | D:9      | Found an ornate altar of the Wu Jian Council.
  7205 | D:9      | Noticed a two-headed ogre
  7216 | D:9      | Killed a two-headed ogre
  7364 | D:9      | Noticed Erolcha
  7374 | D:9      | Killed Erolcha
  7375 | D:9      | Reached skill level 13 in Axes
  7763 | D:10     | Entered Level 10 of the Dungeon
  7853 | D:10     | Paralysed by a hornet for 2 turns
  8466 | D:10     | Killed an unseen horror
  8467 | D:10     | Reached skill level 10 in Armour
  8467 | D:10     | Reached XP level 11. HP: 69/99 MP: 7/10
  8471 | D:10     | Reached skill level 10 in Fighting
  8486 | D:10     | Reached ***** piety under Trog
  9258 | D:11     | Noticed an orange crystal statue
  9261 | D:11     | Got a steaming battleaxe
  9307 | D:11     | Identified the cursed +2 battleaxe "Beastbane" {vorpal,
                  | *Noise rElec Str+10 Int+3} (You found it on level 11 of the
                  | Dungeon)
  9362 | D:11     | Reached skill level 14 in Axes
  9683 | D:11     | Noticed Grum
  9721 | D:11     | Killed Grum
  9751 | D:11     | Found a staircase to the Lair.
  9884 | D:11     | Noticed a boulder beetle
  9886 | D:11     | Noticed a red ugly thing
  9896 | D:11     | Killed a red ugly thing
  9912 | D:11     | Killed a boulder beetle
 10224 | D:11     | Reached skill level 15 in Axes
 10722 | D:11     | Noticed a green ugly thing
 10729 | D:11     | Killed a green ugly thing
 11044 | Lair:1   | Entered Level 1 of the Lair of Beasts
 11049 | Lair:1   | Noticed a seven-headed hydra
 11062 | Lair:1   | Killed an 11-headed hydra
 11314 | Lair:1   | Noticed a four-headed hydra
 11319 | Lair:1   | Killed a six-headed hydra
 11320 | Lair:1   | Reached XP level 12. HP: 108/108 MP: 11/11
 11375 | Lair:1   | Noticed a six-headed hydra
 11559 | Lair:1   | Reached skill level 16 in Axes
 11579 | Lair:1   | Received a gift from Trog
 12091 | Lair:2   | Killed an eight-headed hydra
 12097 | Lair:2   | Reached skill level 1 in Stealth
 12258 | Lair:2   | Found a hole to the Spider Nest.
 12282 | Lair:2   | Noticed a catoblepas
 12287 | Lair:2   | Killed a catoblepas
 13299 | Spider:1 | Entered Level 1 of the Spider Nest
 13307 | Spider:1 | Reached skill level 17 in Axes
 13317 | Spider:1 | Blown up by an orb spider

Illustrated notes

Levels and vault maps discovered:
D:1:      ldierk_walled_garden_2, layout_basic, minmay_curled_crystal
D:2:      layout_basic, uniq_jessica
D:3:      layout_rooms, kennysheep_slug_shrine, old_standard_altar,
          grunt_dithmenos_smoke, amethyst_killhole, elyvilon_altar_1
D:4:      layout_basic, uniq_natasha
D:5:      layout_basic, gammafunk_temple_overflow_forgotten,
          minmay_temple_entry_overgrown, okawaru_trees_1
D:6:      layout_rooms, ashenzari_altar_1, kennysheep_mini
D:7:      layout_basic, minmay_ruffians
D:8:      layout_loops_ring, nzn_hepliaklqana_mist_gate,
          nicolae_ru_sacrificial_ziggurat, minmay_misc_feat_nine_boxes,
          uniq_maurice
D:9:      layout_basic, grunt_temple_overflow_diamond, uniq_erolcha
D:10:     layout_basic
D:11:     layout_basic, due_lair_maze_entry_diamond, disabler_island, uniq_grum
Lair:1:   layout_long_grid, minmay_holes, infiniplex_staircase_pool_2,
          grunt_megastairs_2
Lair:2:   kb_forest_paths, layout_regular_city, spider_nest_entry_web_field,
          st_stairs_9, grunt_forest_small_clearing_treed
Spider:1: layout_spider_delve

Skill      XL: |  1  2  3  4  5  6  7  8  9 10 11 12 |
---------------+-------------------------------------+-----
Fighting       | 4 5 6 7 8 9 10 12 | 12.1
Axes           | 4 5 6 7 8 10 12 13 15 17 | 17.2
Armour         | 3 4 5 7 8 10 11 13 | 13.2
Shields        | 1 3 5 |  5.8
Dodging        | 3 |  3.0
Stealth        | 1 |  1.4

Action                   |  1- 3 |  4- 6 |  7- 9 | 10-12 || total
-------------------------+-------+-------+-------+-------++-------
Melee: Hand axe          |    65 |    94 |   231 |   196 ||   586
       Headbutt          |     9 |    18 |    51 |   103 ||   181
       Battleaxe         |       |       |       |   243 ||   243
Invok: Berserk           |       |       |     1 |     1 ||     2
  Use: Scroll            |     4 |     7 |     8 |     4 ||    23
       Potion            |     1 |     5 |     1 |       ||     7
 Stab: Distracted        |       |       |       |     2 ||     2
Armor: Leather armour    |     8 |       |       |       ||     8
       Ring mail         |    20 |     5 |       |       ||    25
       Plate armour      |       |    33 |   113 |   241 ||   387
Dodge: Dodged            |    40 |    29 |    60 |   185 ||   314
Block: Buckler           |     2 |     9 |    40 |    25 ||    76
